 Dungeon Crawl Stone Soup version 0.30-a0-859-gf88a04b62d (webtiles) character file.

Game seed: 2094371782791638379

24 BubbleThief the Firebug (level 3, -7/34 HPs)
             Began as a Naga Cinder Acolyte on Mar 6, 2023.
             Was a High Priest of Ignis.
             Mangled by Terence
             ... wielding a +0 flail
              (10 damage)
             ... on level 2 of the Dungeon.
             The game lasted 00:01:32 (1156 turns).

BubbleThief the Firebug (Naga Cinder Acolyte)       Turns: 1156, Time: 00:01:33

Health: -7/34      AC:  3    Str: 18    XL:     3   Next: 2%
Magic:  0/5        EV:  9    Int: 14    God:    Ignis [*****.]
Gold:   69         SH:  0    Dex:  6    Spells: 3/5 levels left

rFire   + . .      SeeInvis +    a - -1 hand axe (flame)
rCold   . . .      Faith    .    (no shield)
rNeg    . . .      Spirit   .    b - +0 robe
rPois   +          Reflect  .    c - +0 helmet
rElec   .          Rampage  .    (no cloak)
rCorr   .                        (no gloves)
Will    .....                    (no barding)
Stlth   +                        (no amulet)
HPRegen 0.25/turn                (no ring)
MPRegen 0.09/turn                (no ring)

@: very slow
A: AC +1, large, see invisible, deformed body, poison resistance, slowness 2,
spit poison 1, naga tail 1
a: Spit Poison, Renounce Religion, Fiery Armour, Foxfire Swarm, Rising Flame


You were on level 2 of the Dungeon.
You worshipped Ignis.
Ignis was extremely pleased with you.
You visited 1 branch of the dungeon, and saw 2 of its levels.

You collected 69 gold pieces.

Inventory:

Hand Weapons
 a - a -1 hand axe of flaming (weapon)
Armour
 b - a +0 robe (worn)
 c - a +0 helmet (worn)
Scrolls
 d - a scroll of teleportation {unknown}
 f - a scroll of noise {unknown}
Potions
 e - a potion of flight {unknown}
 g - a potion of berserk rage {unknown}


   Skills:
 - Level 3.1 Fighting
 - Level 3.2 Axes
 + Level 1.6 Spellcasting
 + Level 3.3 Fire Magic


You had 3 spell levels left.
You knew the following spells:

 Your Spells              Type           Power      Damage    Failure   Level
a - Scorch                Fire           20%        2d6       10%         2

Your spell library contained the following spells:

 Spells                   Type           Power      Damage    Failure   Level
 Leda's Liquefaction      Hex/Erth       0%         N/A       94%         4
 Lee's Rapid Deconstruct  Erth           0%         3d4*      100%        5
 Statue Form              Tmut/Erth      0%         N/A       100%        6


Dungeon Overview and Level Annotations

Branches:
Dungeon (2/15)

Altars:

Annotations:
D:2 Terence


Innate Abilities, Weirdness & Mutations

Your serpentine skin is tough. (AC +1)
You have supernaturally acute eyesight. (SInv)
Armour fits poorly on your strangely shaped body.
Your system is resistant to poisons. (rPois)
You cover ground very slowly.
You can spit poison.
You have a snake-like lower body.


Message History

Terence's fire resistance burns away.
The hobgoblin hits you.
Casting: Scorch (safe; 10% risk of failure)
Confirm with . or Enter, or press ? or * to list all spells.
You don't have enough magic to cast this spell.
You closely miss the hobgoblin.
The hobgoblin is severely wounded.
You have got your breath back.
The hobgoblin hits you.
Aiming: Spit Poison (2% risk of failure)
Press: ? - help, Shift-Dir - straight line, f - Terence, p - hobgoblin
Aim: Terence, wielding a +0 flail and wearing a +0 ring mail (lightly wounded, more vulnerable to fire, 65% to hit)
The splash of poison hits Terence.
Terence is heavily wounded.
The hobgoblin is no longer more vulnerable to fire.
The hobgoblin barely misses you. Terence hits you with a +0 flail.
You barely miss Terence.
Terence is heavily wounded.
You hit the hobgoblin. You burn the hobgoblin.
You kill the hobgoblin!
Terence is no longer more vulnerable to fire.
Terence misses you.
You have reached level 3!
Your experience leads to an increase in your attributes!
Increase (S)trength, (I)ntelligence, or (D)exterity?
You feel stronger. x2; Your skin feels tougher.
You hit Terence. You burn Terence.
Terence is severely wounded.
Terence closely misses you.
You hit Terence. You burn Terence.
Terence is almost dead.
Terence barely misses you. Terence hits you with a +0 flail.
You barely miss Terence.
Terence is almost dead.
You have got your breath back.
Terence hits you with a +0 flail!
* * * LOW HITPOINT WARNING * * *
You closely miss Terence.
Terence is almost dead.
Terence hits you with a +0 flail!
You die...

.... #.#...
#.#.. #.#..
###.#.#
#....(##
##...@..#
#.....@.#
#.......#
#.......#
##..#.#.#
#....#.#
#.#.##.##
#.#.#...######
# #..........#
#.#...####.#


You could see Terence.

Vanquished Creatures
  A worm (D:2)
  An endoplasm (D:1)
  A giant cockroach (D:1)
  4 goblins (D:1)
  3 hobgoblins
  5 kobolds (D:1)
  4 bats
  A frilled lizard (D:1)
20 creatures vanquished.

Notes
Turn   | Place    | Note
-------+----------+-------------------------------------------
     0 | D:1      | BubbleThief the Naga Cinder Acolyte began the quest for the
                  | Orb.
     0 | D:1      | Reached XP level 1. HP: 21/21 MP: 2/2
   142 | D:1      | Reached XP level 2. HP: 24/28 MP: 3/3
   642 | D:1      | Learned a level 2 spell: Scorch
  1145 | D:2      | Noticed Terence
  1153 | D:2      | Reached XP level 3. HP: 16/34 MP: 0/5
  1156 | D:2      | Mangled by Terence

Illustrated notes

Levels and vault maps discovered:
D:1:      dpeg_arrival_simpleton_c, layout_basic, minmay_distorted
D:2:      layout_loops_ring, kennysheep_cross_room, grunt_decor_one_mirror,
          uniq_terence, uniq_natasha

Action                     || total
---------------------------++-------
  Melee: Hand axe          ||    44
   Cast: Scorch            ||     7
Ability: Spit Poison       ||    16
   Stab: Distracted        ||     1
 Armour: Robe              ||     6
  Dodge: Dodged            ||    20

Table legend: (Time is in decaauts)
 A = Elapsed time spent in this place.
 B = Non-inter-level travel time spent in this place.
 C = Inter-level travel time spent in this place.
 D = Time resting spent in this place.
 E = Time spent auto-exploring this place.
 F = Levels seen in this place.
 G = Mean time per level.
                   A        B        C        D        E       F      G
               +--------+--------+--------+--------+--------+-----+--------+
         Total |   1465 |   1415 |     50 |     31 |   1212 |   2 |  732.5 |
       Dungeon |   1465 |   1415 |     50 |     31 |   1212 |   2 |  732.5 |
               +--------+--------+--------+--------+--------+-----+--------+

Top non-repeatable levels by time:
     D:1: 1323 daAuts
     D:2: 141 daAuts
